 Dungeon Crawl Stone Soup version 0.21.1-1-g345015fe64 (webtiles) character file.

61 Peloso the Skirmisher (level 3, -3/29 HPs)
             Began as a Demonspawn Fighter on Apr 14, 2018.
             Killed from afar by an orc wizard (8 damage)
             ... with a puff of flame
             ... on level 2 of the Dungeon.
             The game lasted 00:02:37 (1650 turns).

Peloso the Skirmisher (Demonspawn Fighter)          Turns: 1650, Time: 00:02:38

Health: -3/29      AC:  6    Str: 17    XL:     3   Next: 83%
Magic:  3/3        EV:  8    Int:  9    God:
Gold:   62         SH:  9    Dex: 12    Spells: 2/2 levels left

rFire    . . .     SeeInvis .   a - +0 long sword
rCold    . . .     Gourm    .   c - +0 shield
rNeg     . . .     Faith    .   b - +0 scale mail
rPois    .         Spirit   .   (no helmet)
rElec    .         Reflect  .   (no cloak)
rCorr    .         Harm     .   (no gloves)
MR       .....                  (no boots)
Stlth    ..........             (no amulet)
HPRegen  0.09/turn              o - ring of loudness (curse)
MPRegen  0.08/turn              (no ring)

@: no status effects
A: sturdy frame 1
a: no special abilities


You were on level 2 of the Dungeon.
You were hungry.

You visited 1 branch of the dungeon, and saw 2 of its levels.

You collected 62 gold pieces.

Inventory:

Hand Weapons
 a - a +0 long sword (weapon)
 n - a +1 dagger of venom
Armour
 b - a +0 scale mail (worn)
 c - a +0 shield (worn)
Jewellery
 o - a cursed ring of loudness (left hand)
 p - a +4 amulet of reflection {unknown}
Scrolls
 e - a scroll of teleportation {unknown}
 g - 3 scrolls of remove curse {unknown}
 i - a scroll of immolation {unknown}
 k - 2 scrolls of amnesia {unknown}
 m - a scroll of fear {unknown}
 q - a scroll of noise {unknown}
 r - a scroll of magic mapping {unknown}
Potions
 d - a potion of might
 h - a potion of agility
 j - a potion of cancellation {unknown}
 l - 2 potions of curing {unknown}
 s - 2 potions of berserk rage {unknown}
 t - a potion of degeneration {unknown}
Comestibles
 f - 4 rations


   Skills:
 + Level 3.2 Fighting
 + Level 2.4 Long Blades
 + Level 3.1 Armour
 + Level 0.7 Dodging
 + Level 0.1 Stealth
 + Level 3.2 Shields


You had 2 spell levels left.
You didn't know any spells.

Dungeon Overview and Level Annotations

Branches:
Dungeon (2/15)

Altars:
Makhleb


Innate Abilities, Weirdness & Mutations

Your movements are slightly less encumbered by armour. (ER -2)


Message History

The orc wizard is almost dead.
The orc wizard hits you but does no damage.
The orc wizard gestures at you while chanting.
The puff of frost hits you!
* * * LOW HITPOINT WARNING * * *
You closely miss the orc wizard.
The orc wizard is almost dead.
You block the orc wizard's attack.
You barely miss the orc wizard.
The orc wizard is almost dead.
You block the orc wizard's attack.
You closely miss the orc wizard.
The orc wizard is almost dead.
The orc wizard completely misses you. You block the orc wizard's attack.
An orc priest comes into view.
You closely miss the orc wizard.
The orc wizard is almost dead.
The orc wizard gestures at you while chanting.
The puff of flame hits you!
You die...

#.........................#
#.#...#####################
#.#..†# ###...## ##.._..#
##.#∩### ###### #.###
#.####### #.#.# #..oo@..#
#.#.# #######(# #.#.# #.#
#.#.# #.# #.#.# #.#
#.#.##############.#
(.................>#
#.#.################ #.#.#


You could see an orc priest and an orc wizard.

Vanquished Creatures
  A hound (D:2)
  A worm (D:2)
  2 leopard geckos
  A giant cockroach (D:2)
  6 goblins
  A hobgoblin (D:1)
  6 bats
  2 frilled lizards (D:1)
  7 kobolds
  A rat (D:1)
28 creatures vanquished.

Notes
Turn   | Place    | Note
-------+----------+-------------------------------------------
     0 | D:1      | Peloso the Demonspawn Fighter began the quest for the Orb.
     0 | D:1      | Reached XP level 1. HP: 18/18 MP: 1/1
   147 | D:1      | Gained mutation: Your movements are slightly less encumbered by armour. (ER -2) [demonic ancestry]
   147 | D:1      | Reached XP level 2. HP: 15/24 MP: 2/2
  1222 | D:2      | Reached XP level 3. HP: 12/29 MP: 3/3
  1513 | D:2      | Found a burning altar of Makhleb.
  1650 | D:2      | Killed from afar by an orc wizard

Skill      XL: |  1  2 |
---------------+-------+-----
Armour         | 3 |  3.1
Shields        | 3 |  3.2
Long Blades    | 2 |  2.4
Fighting       | |  3.2
Dodging        | |  0.7
Stealth        | |  0.1

Action                   || total
-------------------------++-------
Melee: Long sword        ||   129
  Eat: Chunk             ||     2
Armor: Scale mail        ||    65
Dodge: Dodged            ||    46
Block: Shield            ||    82
       Rpst.: Long sword ||    13
